 Dungeon Crawl Stone Soup version bcrawl-1.21.3 (webtiles) character file.

Game seed: 5695754060484666713

217 Flugslaktarn the Skirmisher (level 5, -4/36 HPs)
             Began as a Skeleton Archaeologist on Mar 30, 2020.
             Shot with an arrow by a centaur (8 damage)
             ... on level 3 of the Dungeon.
             The game lasted 00:02:04 (3795 turns).

Flugslaktarn the Skirmisher (SkAc)                  Turns: 3795, Time: 00:02:05

Health: -4/36      AC:  7    Str: 19      XL:     5   Next: 62%
Magic:  0/5        EV: 12    Int: 12      God:
Gold:   1292       SH:  0    Dex:  5 (7)  Spells: 4/4 levels left

rFire    . . .     SeeInvis .   n - +0 flail
rCold    + . .     Gourm    .   (no shield)
rNeg     + + +     Faith    .   b - +1 robe
rPois    ∞         Spirit   +   j - +0 helmet
rElec    .         Reflect  .   h - +0 cloak
rCorr    .         Harm     .   (no gloves)
MR       +....                  d - +1 pair of boots
Stlth    ++........             (no amulet)
HPRegen  0.12/turn              m - ring of protection from magic
MPRegen  0.09/turn              (no ring)

@: no status effects
A: no food or potions, cold resistance 1, deterioration 1, negative energy
resistance 3, torment resistance, unbreathing, magic shield, sturdy frame 1,
spell healing
a: no special abilities


You were on level 3 of the Dungeon.
You were not hungry.

You visited 1 branch of the dungeon, and saw 3 of its levels.

You collected 1292 gold pieces.

Inventory:

Hand Weapons
 a - a +0 whip
 n - a +0 flail (weapon)
   (You took it off an orc on level 3 of the Dungeon)
Armour
 b - a +1 robe (worn)
 d - a +1 pair of boots (worn)
 f - a scarf of spirit shield
   (You found it on level 3 of the Dungeon)
 h - a +0 cloak (worn)
   (You found it on level 1 of the Dungeon)
 j - a +0 helmet (worn)
   (You took it off Robin on level 2 of the Dungeon)
Jewellery
 m - a ring of protection from magic (left hand)
   (You found it on level 1 of the Dungeon)
Scrolls
 c - 2 scrolls of enchant weapon {unknown}
 e - a scroll of magic mapping
 g - 2 scrolls of teleportation {unknown}
 i - a scroll of amnesia {unknown}
 k - 3 scrolls of remove curse {unknown}
 l - 2 scrolls of identify {unknown}


   Skills:
 + Level 5.6 Fighting
 - Level 1.2 Maces & Flails
 - Level 3.0 Dodging
 - Level 3.6 Stealth


You had 4 spell levels left.
You didn't know any spells.
Your spell library was empty.

Dungeon Overview and Level Annotations

Branches:
Dungeon (3/12)

Altars:
Kikubaaqudgha
Nemelex Xobeh
Xom
Zin


Innate Abilities, Weirdness & Mutations

You do not eat or drink.
You are immune to poison.
Your flesh is cold resistant. (rC+)
Your body sometimes deteriorates upon taking damage.
You are immune to negative energy. (rN+++)
You are immune to unholy pain and torment.
You can survive without breathing.
When hurt, damage is shared between your health and your magic reserves.
Your movements are slightly less encumbered by armour. (ER -2)
Casting spells heals you.


Message History

You barely miss the jackal.
The jackal is lightly wounded.
The jackal closely misses you. The jackal barely misses you.
You closely miss the jackal.
The jackal is lightly wounded.
The jackal bites you but does no damage.
You barely miss the jackal.
The jackal is lightly wounded.
The jackal bites you.
* * * LOW HITPOINT WARNING * * *
The jackal misses you.
You closely miss the jackal.
The jackal is lightly wounded.
The jackal barely misses you. The jackal misses you.
You sock the jackal!
You kill the jackal!
The centaur shoots an arrow.
The arrow hits you.
* * * LOW HITPOINT WARNING * * *
The centaur shoots an arrow.
The arrow hits you!
You die...

.... ....####### #######
..........# #.....#
..........# #.###.#
..........# #.# #.#
##+###........# #.# #.#
....##........# #.# #.#
....##........######.###.##
....+[........c†@>........#
....##........######.######
....##........# #.###.##
..............# #......#
.......######## #####.##
.......# #############.#
####...# #...........#.#
#...# #.#########.#.#
#...#####.##### #.#.#


You could see a centaur.

Vanquished Creatures
  A hound (D:3)
  A jelly (D:3)
  Robin (D:2)
  4 adders (D:3)
  An ooze (D:3)
  A worm (D:2)
  3 dart slugs (D:1)
  4 leopard geckos
  3 orcs
  4 giant cockroaches
  19 goblins
  11 hobgoblins
  4 jackals (D:3)
  11 kobolds
  A quokka (D:2)
  5 bats
  6 frilled lizards
  5 rats
85 creatures vanquished.

Notes
Turn   | Place    | Note
-------+----------+-------------------------------------------
     0 | D:1      | Flugslaktarn the Skeleton Archaeologist began the quest for
                  | the Orb.
     0 | D:1      | Reached XP level 1. HP: 12/12 MP: 1/1
   155 | D:1      | Reached skill level 2 in Fighting
   156 | D:1      | Reached XP level 2. HP: 13/17 MP: 2/2
   667 | D:1      | Reached skill level 3 in Fighting
   667 | D:1      | Reached XP level 3. HP: 17/23 MP: 3/3
  1355 | D:2      | Noticed Robin
  1365 | D:2      | HP: 1/23 [goblin/+0 club[Robin] (3)]
  1821 | D:2      | Killed Robin
  1821 | D:2      | Reached XP level 4. HP: 25/29 MP: 4/4
  1839 | D:2      | Reached skill level 4 in Fighting
  2380 | D:2      | Found a sparkling altar of Nemelex Xobeh.
  2442 | D:2      | Found a shimmering altar of Xom.
  2654 | D:2      | Found an ancient bone altar of Kikubaaqudgha.
  2973 | D:3      | Reached skill level 5 in Fighting
  2973 | D:3      | Reached XP level 5. HP: 27/35 MP: 2/5
  2973 | D:3      | Identified a scroll of acquirement
  2974 | D:3      | Identified the +2 pair of gloves "Igotix" {Str+5 Dex-4
                  | Stlth+} (You acquired it on level 3 of the Dungeon)
  2974 | D:3      | Identified the amulet of Mirth {Reflect rPois rF+ Int+4
                  | SH+4} (You acquired it on level 3 of the Dungeon)
  3254 | D:3      | Found a glowing silver altar of Zin.
  3767 | D:3      | Noticed a centaur
  3795 | D:3      | Shot with an arrow by a centaur

Skill      XL: |  1  2  3  4 |
---------------+-------------+-----
Fighting       | 2 3 5 |  5.6
Maces & Flails | |  1.2
Dodging        | |  3.0
Stealth        | |  3.6

Action                   |  1- 3 |  4- 6 || total
-------------------------+-------+-------++-------
Melee: Whip              |   168 |   171 ||   339
       Flail             |       |    28 ||    28
  Use: Scroll            |       |     1 ||     1
 Stab: Sleeping          |    10 |     3 ||    13
       Distracted        |     1 |       ||     1
Armor: Robe              |    50 |    67 ||   117
Dodge: Dodged            |    96 |   135 ||   231
